 Dungeon Crawl Stone Soup version 0.31-a0-740-g87205ac768 (webtiles) character file.

Game seed: 11376797514674249088

3278 Dirtsage the Cleaver (level 9, -13/97 HPs)
             Began as a Demonspawn Berserker on Sept 11, 2023.
             Was a Priest of Trog.
             Mangled by an orc warrior
             ... wielding a +0 halberd
              (19 damage)
             ... in a bailey on Sept 12, 2023.
             The game lasted 00:16:40 (7412 turns).

Dirtsage the Cleaver (Demonspawn Berserker)         Turns: 7412, Time: 00:16:41

Health: -13/97     AC: 11    Str: 21    XL:     9   Next: 69%
Magic:  9/9        EV: 15    Int: 10    God:    Trog [***...]
Gold:   158        SH:  4    Dex: 10    Spells: 8/8 levels left

rFire   . . .        a - +0 hand axe
rCold   . . .        (no shield)
rNeg    . . .        o - +0 chain mail
rPois   .            (helmet restricted)
rElec   .            f - +0 cloak
rCorr   .            h - +0 pair of gloves
SInv    .            (no boots)
Will    .....        (no amulet) Stlth
                     i - ring of flight
HPRegen 0.36/turn    A - +5 ring of evasion
MPRegen 0.11/turn

%: no passive effects
@: berserking (expiring), flying, studying Armour, very quick
A: horns 2, foul stench 1, sturdy frame 2, condensation shield, clumsy 1,
devolution 1
a: Renounce Religion, Berserk, Trog's Hand


You were in a bailey.
You worshipped Trog.
Trog was most pleased with you.
You visited 2 branches of the dungeon, and saw 9 of its levels.
You also visited: Bailey.

You collected 408 gold pieces.
You spent 250 gold pieces at shops.

Inventory:

Hand Weapons
 a - a +0 hand axe (weapon)
 y - a +3 whip of distortion
Missiles
 c - 2 curare-tipped darts
 s - 2 throwing nets
Armour
 f - a +0 cloak (worn)
 h - a +0 pair of gloves (worn)
 o - a +0 chain mail (worn)
Jewellery
 i - a ring of flight (left hand)
 k - a ring of fire
 A - a +5 ring of evasion (right hand)
Talismans
 l - a flux talisman
Wands
 v - a wand of flame (17)
 B - a wand of polymorph (6)
Scrolls
 b - 4 scrolls of poison
 e - 2 scrolls of noise
 g - a scroll of fear
 m - 2 scrolls of immolation
 t - 4 scrolls of teleportation
 u - a scroll of enchant armour
 w - a scroll of enchant weapon
 x - 5 scrolls of fog
 z - a scroll of summoning
Potions
 d - 3 potions of might
 j - 3 potions of enlightenment {unknown}
 n - 2 potions of heal wounds {unknown}
 p - 2 potions of lignification
 q - 10 potions of curing
 r - a potion of mutation


   Skills:
 + Level 3.8 Fighting
 + Level 12.0 Axes
 + Level 3.3 Armour
 - Level 1.7 Dodging
 + Level 1.9 Shields
 + Level 1.7 Shapeshifting


You had 8 spell levels left.
You didn't know any spells.
Your spell library contained the following spells:

 Spells                   Type           Power      Damage    Failure   Level
 Freeze                   Ice            0%         1d3       71%         1
 Slow                     Hex            0%         N/A       71%         1
 Poisonous Vapours        Pois/Air       0%         N/A       83%         2
 Confusing Touch          Hex            0%         N/A       97%         3
 Frozen Ramparts          Ice            0%         1d1       97%         3
 Hailstorm                Conj/Ice       0%         3d3       97%         3
 Mephitic Cloud           Conj/Pois/Air  0%         N/A       97%         3
 Sigil of Binding         Hex            0%         N/A       97%         3
 Vampiric Draining        Necr           0%         2d6       97%         3
 Freezing Cloud           Conj/Ice/Air   0%         6-21      100%        5


Dungeon Overview and Level Annotations

Branches:
Dungeon (8/15)             Temple (1/1) D:5          Bailey (1/1)
   Lair: D:8-11

Altars:
Cheibriados
Gozag
Hepliaklqana
Kikubaaqudgha
Makhleb
Nemelex Xobeh
Ru
Sif Muna
Trog
Uskayaw
Wu Jian
Xom
Yredelemnul

Shops:
D:1 :!(   D:7 ?

Annotations:
D:3 2 transporters, exclusion: door, sanka2's ghost, amateur MeMo
Abyss:1 Natasha; Prince Ribbit


Innate Abilities, Weirdness & Mutations

You have a pair of horns on your head.
You may rarely emit foul miasma when damaged in melee.
Your movements are less encumbered by armour. (ER -4)
A meltable shield of frost defends you. (SH +4)
You are clumsy. (Dex -2)
You have hidden genetic defects.


Message History

* * * LOW HITPOINT WARNING * * *
You take 35 damage, and have 13/96 hp.
MASSIVE DAMAGE!!
You closely miss the orc knight.
The orc knight is almost dead.
You hit the orc warrior.
You kill the orc warrior!
Trog accepts your kill.
Your Shields skill increases to level 1!
Your Shapeshifting skill increases to level 1!
You barely miss the orc knight. Your headbutt misses the orc knight.
The orc knight is almost dead.
You block the orc knight's attack.
The orc warrior hits you from afar with a +0 halberd!
* * * LOW HITPOINT WARNING * * *
You take 8 damage, and have 5/96 hp.
You slash the orc knight!
You kill the orc knight!
Trog accepts your kill.
Your Axes skill increases to level 12!
Your Armour skill increases to level 3!
The orc warrior misses you.
Things that are here:
a +0 halberd; a +0 chain mail; an orc corpse You are too berserk!
You slash the orc warrior!
The orc warrior is heavily wounded.
The orc warrior barely misses you.
You closely miss the orc warrior. Your headbutt misses the orc warrior.
The orc warrior is heavily wounded.
You feel a genetic drift.
You feel clumsy.
You barely miss the orc warrior.
The orc warrior is heavily wounded.
You block the orc warrior's attack.
You completely miss the orc warrior.
The orc warrior is heavily wounded.
You are too berserk!
You slash the orc warrior!
The orc warrior is almost dead.
The orc warrior hits you with a +0 halberd!!
You die...

........)...#≈...
.......≈#∩)##≈...
#######....≈##.#≈≈...
##....##....≈≈≈.≈≈....
##.....##........).....
##..#'''##..............
#..##∩.∩##..##..........
#.####'####.##..........
#.'.#.)@#.'.##..........
#.###.8o###.##..........
#.')#).?#.'.##..........
#.#########.##..........
#..##.#.##..#...........
##..#'#'#..##...........
##.......##............
#########...≈≈≈.≈≈....
..###......≈##.#≈≈...


You could see an orc warrior (strong).

Vanquished Creatures
  An orc knight (Bailey)
  Jeremiah (D:7)
  A water moccasin (D:5)
  3 orc warriors (Bailey)
  A black bear (D:7)
  2 ice beasts
  2 ogres (D:4)
  2 sky beasts
  2 centaurs (D:7)
  2 kobold brigands (D:4)
  2 scorpions (D:5)
  4 bullfrogs
  A gnoll sergeant (D:5)
  A jelly (D:8)
  A hound (D:4)
  4 orc priests
  Crazy Yiuf (D:2)
  A gnoll bouda (D:6)
  2 iguanas
  12 gnolls
  4 adders
  A white imp (D:7)
  3 ufetubi
  3 worms
  A dart slug (D:1)
  28 orcs
  5 bats
  5 endoplasms (D:2)
  5 giant cockroaches
  4 goblins
  6 hobgoblins
  9 jackals
  2 quokkas
  7 ball pythons
  5 frilled lizards
  11 kobolds
  A rat (D:2)
146 creatures vanquished.

Vanquished Creatures (others)
  2 wights (D:8)
  A kobold (D:8)
3 creatures vanquished.

Grand Total: 149 creatures vanquished

Notes
Turn   | Place    | Note
-------+----------+-------------------------------------------
     0 | D:1      | Dirtsage the Demonspawn Berserker began the quest for the
                  | Orb.
     0 | D:1      | Reached XP level 1. HP: 18/18 MP: 1/1
   170 | D:1      | Reached skill level 3 in Axes
   222 | D:1      | Gained mutation: You have a pair of small horns on your
                  | head. [demonic ancestry]
   222 | D:1      | Reached XP level 2. HP: 24/24 MP: 2/2
   550 | D:1      | Found Zefecap's Distillery.
   555 | D:1      | Bought a potion of curing for 30 gold pieces
   585 | D:1      | Found Nezacerph's Book Shoppe.
   873 | D:1      | Found Zyotwoun's Weapon Shoppe.
  1229 | D:2      | Found a hide-covered altar of Uskayaw.
  1499 | D:2      | Gained mutation: You may rarely emit foul miasma when
                  | damaged in melee. [demonic ancestry]
  1499 | D:2      | Reached XP level 3. HP: 23/29 MP: 3/3
  2076 | D:2      | Found a runed translucent door.
  2077 | D:2      | Noticed Crazy Yiuf
  2084 | D:2      | HP: 2/43 [Crazy Yiuf/+4 quarterstaff of chaos (8)]
  2085 | D:2      | Killed Crazy Yiuf
  2086 | D:2      | Reached skill level 4 in Axes
  2225 | D:3      | Gained mutation: You have a pair of horns on your head.
                  | [demonic ancestry]
  2225 | D:3      | Reached XP level 4. HP: 30/35 MP: 4/4
  2247 | D:3      | Found a faded altar of an unknown god.
  2481 | D:3      | Found a transporter.
  2481 | D:3      | Noticed an ogre
  2481 | D:3      | Noticed sanka2's ghost (amateur MeMo)
  2483 | D:3      | Identified the +10 giant spiked club of Tenacity {flame,
                  | rPois Str+2 Int+2}
  2483 | D:3      | Noticed an ogre
  2484 | D:3      | Noticed an ogre
  2499 | D:3      | Reached ** piety under Trog
  2645 | D:3      | Found a sparkling altar of Nemelex Xobeh.
  2769 | D:3      | Reached skill level 5 in Axes
  3062 | D:3      | Found a shimmering blue altar of Sif Muna.
  3148 | D:3      | Found a transporter.
  3257 | D:4      | Noticed an ogre
  3265 | D:4      | Killed an ogre
  3266 | D:4      | Gained mutation: Your movements are slightly less
                  | encumbered by armour. (ER -2) [demonic ancestry]
  3266 | D:4      | Reached XP level 5. HP: 41/41 MP: 5/5
  3356 | D:4      | Noticed an ogre
  3363 | D:4      | Killed an ogre
  3364 | D:4      | Reached skill level 6 in Axes
  3364 | D:4      | Reached XP level 6. HP: 47/47 MP: 6/6
  3421 | D:4      | Noticed Natasha
  3429 | D:4      | Banished Natasha
  3905 | D:4      | Reached skill level 7 in Axes
  3909 | D:4      | Reached XP level 7. HP: 26/52 MP: 7/7
  4368 | D:1      | Bought a potion of lignification for 30 gold pieces
  4368 | D:1      | Bought a potion of mutation for 80 gold pieces
  4573 | D:5      | Entered Level 5 of the Dungeon
  4695 | D:5      | Found a staircase to the Ecumenical Temple.
  4772 | Temple   | Entered the Ecumenical Temple
  4845 | D:5      | Found a hide-covered altar of Uskayaw.
  4863 | D:5      | Reached skill level 8 in Axes
  5125 | D:5      | Found an opulent altar of Gozag.
  5170 | D:5      | Found a shimmering altar of Xom.
  5170 | D:5      | Found an ornate altar of the Wu Jian Council.
  5183 | D:5      | Found a burning altar of Makhleb.
  5260 | D:5      | Reached skill level 9 in Axes
  5260 | D:5      | Gained mutation: A meltable shield of frost defends you.
                  | (SH +4) [demonic ancestry]
  5260 | D:5      | Reached XP level 8. HP: 49/58 MP: 8/8
  5405 | D:6      | Reached *** piety under Trog
  5560 | D:6      | Saving game... please wait.
  5560 | D:6      | Upgraded the game from 0.31-a0-728-g01b46875f1 to
                  | 0.31-a0-740-g87205ac768
  5893 | D:6      | Reached skill level 10 in Axes
  6074 | D:7      | Noticed Jeremiah
  6102 | D:7      | Noticed Prince Ribbit
  6107 | D:7      | Banished Prince Ribbit
  6139 | D:7      | Reached skill level 11 in Axes
  6282 | D:7      | Killed Jeremiah
  6283 | D:7      | Gained mutation: Your movements are less encumbered by
                  | armour. (ER -4) [demonic ancestry]
  6283 | D:7      | Reached XP level 9. HP: 7/63 MP: 9/9
  6527 | D:7      | Found Menoeneta's Magic Scroll Shoppe.
  6601 | D:7      | Bought a scroll of identify for 22 gold pieces
  6601 | D:7      | Bought a scroll of fear for 44 gold pieces
  6601 | D:7      | Bought a scroll of identify for 22 gold pieces
  6601 | D:7      | Bought a scroll of identify for 22 gold pieces
  7180 | D:8      | Found a flagged portal.
  7195 | Bailey   | Entered a bailey
  7290 | Bailey   | Gained mutation: You have hidden genetic defects.
                  | [mutagenic glow]
  7394 | Bailey   | Noticed an orc knight
  7405 | Bailey   | Reached skill level 1 in Shields
  7405 | Bailey   | Reached skill level 1 in Shapeshifting
  7406 | Bailey   | Killed an orc knight
  7407 | Bailey   | Reached skill level 12 in Axes
  7409 | Bailey   | Gained mutation: You are clumsy. (Dex -2) [hidden defects]
  7412 | Bailey   | Mangled by an orc warrior

Illustrated notes

Levels and vault maps discovered:
D:1:      kilobyte_arrival_exit_the_forest, layout_basic, serial_shops, shop,
          shop_fountains, shop, serial_park_tiny_pond
D:2:      layout_basic, basic_altar, serial_forest,
          infiniplex_forest_lined_room_, infiniplex_forest_lined_corner,
          infiniplex_forest_lined_2, infiniplex_forest_zigzag_2,
          infiniplex_forest_lined_3_way, infiniplex_forest_clump_double,
          infiniplex_forest_clump_small, uniq_crazy_yiuf_cottage
D:3:      layout_loops_cross, mainiacjoe_overflow_surrounded_room, led_sif_book,
          gammafunk_ghost_smash, nicolae_ecumenical_snake_handling
D:4:      cheibrodos_thug_alley, layout_loops_ring, kennysheep_generic_room_6,
          uniq_natasha
D:5:      layout_rooms, minmay_overflow_temple_star_hex,
          mainiacjoe_overflow_chevrons, temple_hall
D:6:      layout_basic
D:7:      layout_basic, serial_shops, shop_fountains, kennysheep_generic_room_5,
          uniq_prince_ribbit1, uniq_jeremiah
D:8:      layout_loops_ring, fiery_altar_vehumet, grunt_temple_overflow_open,
          enter_bailey_4, uniq_grum
Temple:   nicolae_temple_bog_church
Bailey:   bailey_polearm_2, bailey

Skill      XL: |  1  2  3  4  5  6  7  8  9 |
---------------+----------------------------+-----
Axes           | 3 4 5 6 7 9 11 12 | 12.0
Armour         | 3 |  3.3
Shields        | 1 |  1.9
Shapeshifting  | 1 |  1.7
Fighting       | |  3.8
Dodging        | |  1.7

Action                     |  1- 3 |  4- 6 |  7- 9 || total
---------------------------+-------+-------+-------++-------
  Melee: Hand axe          |   103 |     8 |    19 ||   130
         Headbutt          |    10 |    10 |    27 ||    47
         Punch             |     1 |       |     1 ||     2
         Whip              |       |   102 |   181 ||   283
  Throw: Dart              |       |       |     1 ||     1
 Invoke: Berserk           |     1 |     3 |     2 ||     6
    Use: Scroll            |     1 |       |     9 ||    10
   Stab: Sleeping          |     2 |       |       ||     2
 Armour: Animal skin       |    23 |       |       ||    23
         Ring mail         |    33 |    57 |       ||    90
         Chain mail        |       |       |   109 ||   109
  Dodge: Dodged            |    45 |    61 |   105 ||   211
  Block: Other             |       |       |    27 ||    27

Table legend: (Time is in decaauts)
 A = Elapsed time spent in this place.
 B = Non-inter-level travel time spent in this place.
 C = Inter-level travel time spent in this place.
 D = Time resting spent in this place.
 E = Time spent auto-exploring this place.
 F = Levels seen in this place.
 G = Mean time per level.
                   A        B        C        D        E       F      G
               +--------+--------+--------+--------+--------+-----+--------+
         Total |   7432 |   6823 |    609 |    374 |   5507 |  10 |  743.2 |
       Dungeon |   7229 |   6620 |    609 |    374 |   5366 |   8 |  903.6 |
        Temple |      1 |      1 |      0 |      0 |      0 |   1 |    1.0 |
        Bailey |    202 |    202 |      0 |      0 |    141 |   1 |  202.0 |
               +--------+--------+--------+--------+--------+-----+--------+

Top non-repeatable levels by time:
     D:4: 1305 daAuts
     D:2: 1208 daAuts
     D:1: 1129 daAuts
     D:3: 994 daAuts
     D:7: 841 daAuts
     D:6: 775 daAuts
     D:5: 740 daAuts
     D:8: 234 daAuts
  Bailey: 202 daAuts
  Temple: 1 daAuts
